 Dungeon Crawl Stone Soup version 0.29.1-1-gd02db69 (webtiles) character file.

Game seed: 6592144425880463744

748 Timinator the Insei (level 7, -3/56 HPs)
             Began as a Demigod Transmuter on Dec 23, 2022.
             Slain by a centaur
             ... wielding a +0 trident
              (8 damage)
             ... on level 4 of the Dungeon.
             The game lasted 00:13:23 (4847 turns).

Timinator the Insei (Demigod Transmuter)            Turns: 4847, Time: 00:13:23

Health: -3/56      AC:  5    Str: 15    XL:     7   Next: 23%
Magic:  13/14      EV: 13    Int: 15    God:
Gold:   292        SH:  0    Dex: 18    Spells: 4/11 levels left

rFire   . . .      SeeInvis .     - Unarmed
rCold   . . .      Faith    .   (no shield)
rNeg    . . .      Spirit   .   l - +0 leather armour
rPois   .          Reflect  .   (helmet currently unavailable)
rElec   .          Harm     .   d - +0 cloak
rCorr   .          Rampage  .   i - +0 pair of gloves
Will    .....                   (boots currently unavailable)
Stlth   +.........              (no amulet)
HPRegen 0.18/turn               (no ring)
MPRegen 0.14/turn               (no ring)

@: appendages (expiring), hasted, very quick
A: horns 2, talons 2, high MP 1, forlorn, divine attributes
a: End Transformation


You were on level 4 of the Dungeon.
You had temporarily grown beastly horns and talons.
You visited 1 branch of the dungeon, and saw 4 of its levels.

You collected 292 gold pieces.

Inventory:

Missiles
 b - a throwing net
Armour
 d - a +0 cloak (worn)
 i - a +0 pair of gloves (worn)
 l - a +0 leather armour (worn)
 o - a +0 helmet (melded)
Wands
 p - a wand of iceblast (12)
 q - a wand of mindburst (7)
Scrolls
 a - 3 scrolls of teleportation
 j - 2 scrolls of immolation
 m - 2 scrolls of blinking {unknown}
 n - a scroll of noise {unknown}
 r - a scroll of brand weapon {unknown}
 t - a scroll of fog
 v - a scroll of magic mapping {unknown}
Potions
 g - a potion of flight {unknown}
 h - 4 potions of curing
 k - a potion of mutation {unknown}
 s - a potion of resistance
 u - a potion of degeneration {unknown}


   Skills:
 * Level 2.8 Fighting
 * Level 2.7 Armour
 * Level 3.6 Dodging
 + Level 4.5 Unarmed Combat
 + Level 2.7 Spellcasting
 * Level 3.4 Transmutations


You had 4 spell levels left.
You knew the following spells:

 Your Spells              Type           Power      Damage    Failure   Level
a - Beastly Appendage     Tmut           24%        N/A       6%          1
b - Wereblood             Tmut           12%        N/A       9%          2
c - Ice Form              Ice/Tmut       7%         N/A       77%         4

Your spell library contained the following spells:

 Spells                   Type           Power      Damage    Failure   Level
 Summon Small Mammal      Summ           8%         N/A       26%         1
 Sublimation of Blood     Necr           2%         N/A       36%         2
 Spider Form              Tmut/Pois      7%         N/A       36%         3
 Call Canine Familiar     Summ           2%         N/A       58%         3
 Summon Guardian Golem    Hex/Summ       2%         N/A       58%         3
 Summon Hydra             Summ           1%         N/A       100%        7


Dungeon Overview and Level Annotations

Branches:
Dungeon (4/15)
 Temple: D:4-7


Innate Abilities, Weirdness & Mutations

You have temporarily grown beastly horns and talons.
You have an increased reservoir of magic. (+10% MP)
You shall have no god before yourself.
Your divine heritage dramatically boosts your attributes as you level up.


Message History

The centaur drinks a potion.
The centaur seems to grow stronger.
You hit the centaur but do no damage.
The centaur unwields a +0 shortbow of flaming.
It stops flaming.
The centaur wields a +0 trident.
The centaur closely misses you. The centaur misses you.
You hit the centaur but do no damage. The centaur hits you with a +0 trident!
The centaur completely misses you.
You barely miss the centaur. The centaur hits you with a +0 trident!
The centaur kicks you. The centaur hits you with a +0 trident!
The centaur kicks you but does no damage.
You closely miss the centaur. The centaur hits you with a +0 trident.
The centaur kicks you.
You hit the centaur.
The centaur is moderately wounded.
The centaur misses you. The centaur barely misses you.
It was a potion of heal wounds.
You feel much better. The centaur hits you with a +0 trident.
The centaur kicks you but does no damage.
The centaur hits you with a +0 trident! The centaur kicks you.
Casting: Beastly Appendage (safe; 6% risk of failure)
Confirm with . or Enter, or press ? or * to list all spells.
You grow a pair of large bovine horns.
Your feet morph into talons.
Your +0 helmet melds into your body.
Your transformation is almost over.
The centaur hits you with a +0 trident!
* * * LOW HITPOINT WARNING * * *
The centaur kicks you but does no damage.
You punch the centaur! You claw the centaur, but do no damage.
The centaur is heavily wounded.
The centaur hits you with a +0 trident!
* * * LOW HITPOINT WARNING * * *
The centaur kicks you but does no damage.
The centaur closely misses you. The centaur barely misses you.
It was a potion of haste.
You feel yourself speed up.
The centaur hits you but does no damage.
The centaur barely misses you.
You hit the centaur but do no damage. You claw the centaur.
The centaur is heavily wounded.
The centaur hits you with a +0 trident!
You die...

# ##. # #. # # #.##
... #.#. #.# #...
###.. ####.####### #
###. .<...
##..........##.# #>
###..
#.#######......# #.
#.#.....#.@c# #.
.##.#.#.#.#.######.#
#.
......#)#...........
#.
.##.#.#.#.#.####.#.#
#. #..#.....#.# ..
## ....#######.# .#
# ###........## .#
#### #...##...# .#
...####.####..#.##.#


You could see a centaur (strong).

Vanquished Creatures
  Grinder (D:4)
  Duvessa (D:4)
  An ogre (D:4)
  A necrophage (D:4)
  Dowan (D:4)
  A gnoll bouda (D:3)
  Natasha (twice) (D:2)
  An iguana (D:4)
  4 gnolls (D:3)
  3 adders
  A white imp (D:4)
  3 worms
  3 dart slugs
  4 orcs
  10 ball pythons
  5 endoplasms
  4 giant cockroaches
  6 goblins
  4 hobgoblins
  3 jackals (D:2)
  3 quokkas
  3 bats
  5 kobolds
  6 rats
76 creatures vanquished.

Notes
Turn   | Place    | Note
-------+----------+-------------------------------------------
     0 | D:1      | Timinator the Demigod Transmuter began the quest for the
                  | Orb.
     0 | D:1      | Reached XP level 1. HP: 15/15 MP: 5/5
   105 | D:1      | Reached skill level 1 in Fighting
   247 | D:1      | Reached XP level 2. HP: 11/23 MP: 5/7
   558 | D:1      | Reached skill level 3 in Unarmed Combat
  1599 | D:2      | Learned a level 2 spell: Wereblood
  1714 | D:2      | Reached XP level 3. HP: 28/28 MP: 6/8
  2040 | D:2      | Noticed Natasha
  2046 | D:2      | Killed Natasha
  2298 | D:2      | Reached XP level 4. HP: 22/35 MP: 9/9
  2604 | D:2      | Noticed Natasha
  2612 | D:2      | Killed Natasha
  2613 | D:2      | Reached skill level 1 in Armour
  2731 | D:3      | Reached XP level 5. HP: 30/41 MP: 9/11
  3607 | D:4      | Noticed Duvessa
  3607 | D:4      | Noticed a centaur
  3920 | D:4      | Noticed an ogre
  3975 | D:4      | Learned a level 4 spell: Ice Form
  4021 | D:4      | Noticed Dowan
  4057 | D:4      | Killed Duvessa
  4070 | D:4      | Killed Dowan
  4071 | D:4      | Reached XP level 6. HP: 13/48 MP: 12/12
  4448 | D:4      | Reached skill level 4 in Unarmed Combat
  4654 | D:4      | Noticed Grinder
  4655 | D:4      | Paralysed by Grinder for 5 turns
  4672 | D:4      | Killed Grinder
  4673 | D:4      | Reached XP level 7. HP: 39/56 MP: 12/14
  4847 | D:4      | Slain by a centaur

Illustrated notes

Levels and vault maps discovered:
D:1:      lemuel_arrival_behind_the_door_small, layout_basic
D:2:      minmay_wonky_spiral, layout_basic, nicolae_ecumenical_snake_handling,
          uniq_natasha
D:3:      layout_basic, nrook_mini_backslash, grunt_decor_cap,
          patterned_corridor
D:4:      layout_loops_ring, corexii_corridor_pit, st_stairs_2,
          minmay_checkerbox, uniq_duvessa, uniq_grinder, uniq_crazy_yiuf_cottage

Skill      XL: |  1  2  3  4  5  6 |
---------------+-------------------+-----
Fighting       | 1 2 |  2.8
Transmutations | 2 3 |  3.4
Unarmed Combat | 3 4 |  4.5
Dodging        | 2 3 |  3.6
Spellcasting   | 2 |  2.7
Armour         | 1 2 |  2.7

Action                   |  1- 3 |  4- 6 |  7- 9 || total
-------------------------+-------+-------+-------++-------
Melee: Unarmed           |   108 |   123 |    27 ||   258
       Kick              |    17 |    20 |     8 ||    45
       Headbutt          |    13 |    11 |     2 ||    26
       Punch             |     2 |     1 |     1 ||     4
 Cast: Beastly Appendage |    18 |    15 |     1 ||    34
       Wereblood         |       |     3 |       ||     3
  Use: Potion            |     1 |     3 |     2 ||     6
       Scroll            |       |     6 |       ||     6
 Stab: Sleeping          |     1 |     1 |       ||     2
Armor: Robe              |    15 |       |       ||    15
       Skin              |     5 |    23 |       ||    28
       Leather armour    |     4 |    15 |     7 ||    26
Dodge: Dodged            |    61 |    50 |    18 ||   129
